 Dungeon Crawl Stone Soup version 0.31-a0-851-g7ff8af7976 (webtiles) character file.

Game seed: 9527735868831089053

73476 PailKail the Executioner (level 15, -1/138 HPs)
             Began as a Minotaur Berserker on Oct 5, 2023.
             Was a High Priest of Trog.
             Succumbed to a naga's poison
             ... on level 4 of the Snake Pit on Oct 6, 2023.
             The game lasted 00:44:34 (16068 turns).

PailKail the Executioner (Minotaur Berserker)      Turns: 16068, Time: 00:44:34

Health: -1/138     AC: 35    Str: 29    XL:     15   Next: 4%
Magic:  7/14       EV:  8    Int:  3    God:    Trog [*****.]
Gold:   1379       SH:  7    Dex: 18    Spells: 14/14 levels left

rFire   + . .        u - +9 battleaxe
rCold   . . .        (shield currently unavailable)
rNeg    . . .        h - +5 plate armour {rPois}
rPois   +            (helmet restricted)
rElec   .            n - +0 cloak
rCorr   .            g - +1 pair of gloves
SInv    .            (no boots)
Will    +....        j - amulet of reflection Stlth
                     r - ring "Zowed" {rF+ rC- AC+4 Str+3 Dex+4}
HPRegen 0.43/turn    o - ring of the Octopus King {rC+ HP+2 AC+2 EV+2 SH+2}
MPRegen 0.14/turn

%: random rage (3%), reflection
@: lethally poisoned (-1 -> -16), about to teleport, on berserk cooldown,
slowed, constricted, studying Armour, very slow
A: horns 2, retaliatory headbutt, iridescent scales 1, agile 1, berserk 1, weak
1
a: Renounce Religion, Berserk, Trog's Hand, Brothers in Arms


You were on level 4 of the Snake Pit.
You worshipped Trog.
Trog was extremely pleased with you.
You visited 3 branches of the dungeon, and saw 16 of its levels.
You also visited: Sewer and Ice Cave.

You collected 2212 gold pieces.
You spent 833 gold pieces at shops.

Inventory:

Hand Weapons
 p - a +3 broad axe of flaming
 u - a +9 battleaxe (weapon)
Armour
 g - a +1 pair of gloves (worn)
 h - a +5 plate armour of poison resistance (worn)
 n - a +0 cloak (worn)
Jewellery
 j - an amulet of reflection (around neck)
 o - a ring of the Octopus King (right hand) {rC+ HP+2 AC+2 EV+2 SH+2}
   (You found it on level 3 of the Lair of Beasts)

   [ring of protection from cold]

   AC+2:      It affects your AC (+2).
   EV+2:      It affects your evasion (+2).
   rC+:       It protects you from cold.
   HP+2:      It affects your health (+2).
   SH+2:      It affects your SH (+2).
 r - the ring "Zowed" (left hand) {rF+ rC- AC+4 Str+3 Dex+4}
   (You acquired it on level 1 of the Snake Pit)

   [ring of protection]

   AC+4:      It affects your AC (+4).
   Str+3:     It affects your strength (+3).
   Dex+4:     It affects your dexterity (+4).
   rF+:       It protects you from fire.
   rC-:       It makes you vulnerable to cold.
Wands
 e - a wand of mindburst (15)
 m - a wand of roots (7)
 s - a wand of acid (6)
Scrolls
 b - 14 scrolls of identify
 c - 2 scrolls of teleportation
 k - a scroll of poison
 x - 4 scrolls of summoning
Potions
 a - 6 potions of curing
 f - 2 potions of might
 i - 3 potions of enlightenment


   Skills:
 + Level 13.4 Fighting
 * Level 22.9 Axes
 * Level 16.7 Armour
 - Level 2.1 Dodging
 + Level 5.8 Shields
 + Level 2.0 Unarmed Combat


You had 14 spell levels left.
You didn't know any spells.
Your spell library was empty.

Dungeon Overview and Level Annotations

Branches:
Dungeon (8/15)             Temple (0/1) D:7            Lair (4/5) D:8
  Swamp (0/4) Lair:3        Snake (4/4) Lair:3        Sewer (visited)
  IceCv (visited)
  Slime: Lair:4-5

Altars:
Ashenzari
Cheibriados
Dithmenos
Hepliaklqana
Nemelex Xobeh
Sif Muna
Uskayaw
Vehumet
Zin
The Shining One

Shops:
Snake:1 (?!=   Snake:3 (!:


Innate Abilities, Weirdness & Mutations

You have a pair of horns on your head.
You reflexively headbutt those who attack you in melee.
You are partially covered in iridescent scales. (AC +2)
You are agile. (Dex +4, Str/Int -1)
You sometimes lose your temper in combat.
You are weak. (Str -2)


Message History

The naga warrior constricts you.
Unknown command.
You slice the naga warrior!!
You kill the naga warrior!
Trog accepts your kill.
You closely miss the mana viper.
You feel sick.
The naga hits you from afar with a +1 glaive of venom!
* * * LOW HITPOINT WARNING * * *
You are more poisoned.
The mana viper bites you but does no damage.
Found a scroll of enchant armour.
* * * LOW HITPOINT WARNING * * *
You feel extremely sick. You block the naga's attack. The naga grabs you.
The naga constricts you. The naga spits poison at you.
The splash of poison hits you but does no damage.
You resist.
The mana viper bites you but does no damage.
The naga barely misses you. The naga constricts you.
The naga hits you but does no damage.
You are more poisoned.
The mana viper bites you.
* * * LOW HITPOINT WARNING * * *
You feel your power leaking away.
Things that are here:
a +0 dire flail; a +0 robe
As you read the scroll of teleportation, it crumbles to dust.
You feel strangely unstable.
* * * LOW HITPOINT WARNING * * *
You feel extremely sick. The mana viper closely misses you.
You furiously retaliate!
You headbutt the mana viper, but do no damage.
The naga hits you with a +0 hand axe.
* * * LOW HITPOINT WARNING * * *
The naga constricts you.
The naga hits you with a +1 glaive of venom!
* * * LOW HITPOINT WARNING * * *
You block the mana viper's attack.
The naga's grasp on you weakens, but your attempt to escape fails.
You die...

.......#.# .###
#......# ...#
#<.####...# .
#....#....# #
..#.##......#..
....###...=...$
.......#)....#..
...#....))).#....
.###..###@S## #..
..... #NN..# .
#..#.# ...#..#
#... .# #.....#
##... #?..


You could see a mana viper and 2 nagas.

Vanquished Creatures
  Rupert (Snake:1)
  A frost giant (IceCv)
  A salamander tyrant (Snake:2)
  A hydra (Lair:3)
  6 anacondas
  13 death yaks
  7 naga warriors
  4 naga sharpshooters
  3 shock serpents
  2 salamander mystics
  6 naga ritualists
  12 mana vipers
  10 salamanders
  An ugly thing (IceCv)
  An oklob plant (Lair:2)
  5 elephants (Lair:3)
  2 guardian serpents
  An ice statue (IceCv)
  2 naga magi
  31 black mambas
  9 cane toads
  Jeremiah (D:6)
  10 rime drakes
  6 blink frogs
  8 polar bears
  2 hornets (Lair:3)
  2 tyrant leeches (Lair:3)
  Grinder (D:6)
  Sigmund (D:6)
  A spriggan (Lair:3)
  4 wyverns
  4 basilisks
  37 yaks
  4 steam dragons
  18 nagas
  Edmund (D:6)
  8 water moccasins
  Duvessa (D:5)
  2 orc warriors
  A sky beast (D:7)
  2 ice beasts
  3 black bears
  3 ogres
  A centaur (D:7)
  24 wolves
  A phantom (D:4)
  2 bullfrogs
  2 scorpions
  3 wights (D:5)
  Dowan (D:5)
  17 killer bees
  A hound (D:5)
  3 jellies (D:6)
  Crazy Yiuf (D:6)
  A gnoll bouda (D:6)
  5 iguanas
  6 orc wizards
  Ijyb (D:3)
  8 hell rats
  5 gnolls (D:6)
  3 river rats
  11 adders
  A shadow imp (D:6)
  14 white imps
  4 worms (D:3)
  A dart slug (D:1)
  15 orcs
  9 ball pythons
  5 bats
  10 endoplasms
  4 giant cockroaches
  8 goblins
  9 hobgoblins
  12 jackals
  5 quokkas
  A frilled lizard (D:5)
  4 kobolds
  8 rats
445 creatures vanquished.

Notes
Turn   | Place    | Note
-------+----------+-------------------------------------------
     0 | D:1      | PailKail the Minotaur Berserker began the quest for the
                  | Orb.
     0 | D:1      | Reached XP level 1. HP: 19/19 MP: 0/0
   124 | D:1      | Reached skill level 4 in Axes
   127 | D:1      | Reached XP level 2. HP: 19/27 MP: 1/1
   415 | D:1      | Reached XP level 3. HP: 33/33 MP: 2/2
   421 | D:1      | Reached ** piety under Trog
   754 | D:2      | Reached skill level 5 in Axes
   796 | D:2      | Reached XP level 4. HP: 41/41 MP: 3/3
  1549 | D:3      | Noticed Ijyb
  1576 | D:3      | Killed Ijyb
  1686 | D:3      | Reached XP level 5. HP: 43/47 MP: 4/4
  1795 | D:3      | Found a glowing drain.
  1802 | D:3      | Reached *** piety under Trog
  1810 | D:3      | Reached skill level 6 in Axes
  1872 | Sewer    | Entered a sewer
  2231 | D:3      | Found a glowing silver altar of Zin.
  2293 | D:3      | Identified a scroll of acquirement
  2293 | D:3      | Acquired a +3 plate armour of poison resistance
  2298 | D:3      | Gained mutation: You are partially covered in large bone
                  | plates. (SH +4) [potion of mutation]
  2298 | D:3      | Gained mutation: You passively map a small area around you.
                  | [potion of mutation]
  2461 | D:4      | Noticed a phantom
  2472 | D:4      | Killed a phantom
  2473 | D:4      | Reached XP level 6. HP: 51/55 MP: 5/5
  2516 | D:4      | Reached skill level 5 in Fighting
  2527 | D:4      | Reached skill level 7 in Axes
  2889 | D:4      | Found a broken altar of Ashenzari.
  2997 | D:4      | Reached skill level 5 in Armour
  3399 | D:5      | Entered Level 5 of the Dungeon
  3410 | D:5      | Reached XP level 7. HP: 61/61 MP: 6/6
  3611 | D:5      | Found a sparkling altar of Nemelex Xobeh.
  3633 | D:5      | Reached skill level 8 in Axes
  3687 | D:5      | Noticed Dowan
  3692 | D:5      | Noticed Duvessa
  3710 | D:5      | Killed Duvessa
  3716 | D:5      | Killed Dowan
  3717 | D:5      | Reached XP level 8. HP: 61/69 MP: 7/7
  4004 | D:5      | Found a glowing golden altar of the Shining One.
  4013 | D:5      | Found a radiant altar of Vehumet.
  4162 | D:5      | Lost mutation: You passively map a small area around you.
                  | [potion of mutation]
  4162 | D:5      | Lost mutation: You are partially covered in large bone
                  | plates. (SH +4) [potion of mutation]
  4162 | D:5      | Gained mutation: You sometimes lose your temper in combat.
                  | [potion of mutation]
  4162 | D:5      | Gained mutation: You are weak. (Str -2) [potion of
                  | mutation]
  4162 | D:5      | Gained mutation: You are agile. (Dex +4, Str/Int -1)
                  | [potion of mutation]
  4162 | D:5      | Gained mutation: You are partially covered in iridescent
                  | scales. (AC +2) [potion of mutation]
  4426 | D:6      | Reached skill level 9 in Axes
  4426 | D:6      | Reached skill level 1 in Shields
  4430 | D:6      | Reached skill level 1 in Unarmed Combat
  4465 | D:6      | Reached **** piety under Trog
  4610 | D:6      | Noticed Grinder
  4619 | D:6      | Reached skill level 10 in Axes
  4619 | D:6      | Killed Grinder
  4718 | D:6      | Found a shadowy altar of Dithmenos.
  4756 | D:6      | Reached XP level 9. HP: 67/75 MP: 8/8
  4862 | D:6      | Noticed Sigmund
  4871 | D:6      | Killed Sigmund
  4872 | D:6      | Reached skill level 11 in Axes
  4892 | D:6      | Noticed Edmund
  4901 | D:6      | Killed Edmund
  5111 | D:6      | Noticed Jeremiah
  5118 | D:6      | Killed Jeremiah
  5384 | D:6      | Found a runed translucent door.
  5385 | D:6      | Noticed Crazy Yiuf
  5456 | D:6      | Found a hazy altar of Hepliaklqana.
  5533 | D:6      | Killed Crazy Yiuf
  5535 | D:6      | Acquired 1035 gold pieces
  5620 | D:7      | Found a staircase to the Ecumenical Temple.
  5677 | D:7      | Reached skill level 12 in Axes
  5999 | D:7      | Found a shimmering blue altar of Sif Muna.
  6384 | D:8      | Found a staircase to the Lair.
  6390 | D:8      | Reached skill level 13 in Axes
  6398 | D:8      | Reached XP level 10. HP: 84/84 MP: 9/9
  6418 | D:8      | Reached skill level 10 in Armour
  6426 | D:8      | Reached skill level 14 in Axes
  6645 | D:8      | Found a hide-covered altar of Uskayaw.
  7053 | D:8      | Reached ***** piety under Trog
  7292 | D:8      | Found a snail-covered altar of Cheibriados.
  7429 | Lair:1   | Entered Level 1 of the Lair of Beasts
  7460 | Lair:1   | Reached skill level 15 in Axes
  7522 | Lair:1   | Noticed a black mamba
  7529 | Lair:1   | Killed a black mamba
  7613 | Lair:1   | Noticed a cane toad
  7620 | Lair:1   | Killed a cane toad
  7621 | Lair:1   | Reached XP level 11. HP: 70/94 MP: 10/10
  7650 | Lair:1   | Found a frozen archway.
  7830 | IceCv    | Entered an ice cave
  7852 | IceCv    | Noticed a death yak
  7864 | IceCv    | Killed a death yak
  7869 | IceCv    | Reached skill level 16 in Axes
  7870 | IceCv    | HP: 1/95 [rime drake/icy flash freeze (9)]
  8176 | IceCv    | Noticed a death yak
  8183 | IceCv    | Killed a death yak
  8189 | IceCv    | Noticed a white ugly thing
  8198 | IceCv    | Killed a white ugly thing
  8799 | IceCv    | Reached skill level 17 in Axes
  8986 | IceCv    | Noticed a frost giant
  8986 | IceCv    | Noticed a death yak
  8986 | IceCv    | Noticed a death yak
  8995 | IceCv    | Killed a death yak
  8995 | IceCv    | Received a gift from Trog
  9009 | IceCv    | Killed a death yak
  9010 | IceCv    | Reached XP level 12. HP: 78/103 MP: 11/11
  9015 | IceCv    | Killed a frost giant
  9018 | IceCv    | Reached skill level 18 in Axes
 10069 | Lair:2   | Noticed a death yak
 10069 | Lair:2   | Noticed a death yak
 10069 | Lair:2   | Noticed a death yak
 10070 | Lair:2   | Noticed a death yak
 10071 | Lair:2   | Noticed a death yak
 10075 | Lair:2   | Killed a death yak
 10076 | Lair:2   | Noticed a death yak
 10079 | Lair:2   | Killed a death yak
 10082 | Lair:2   | Killed a death yak
 10089 | Lair:2   | Killed a death yak
 10091 | Lair:2   | Killed a death yak
 10095 | Lair:2   | Killed a death yak
 10096 | Lair:2   | Reached skill level 19 in Axes
 10225 | Lair:2   | Reached skill level 10 in Fighting
 10442 | Lair:2   | Noticed a death yak
 10442 | Lair:2   | Noticed a death yak
 10443 | Lair:2   | Noticed a death yak
 10449 | Lair:2   | Killed a death yak
 10450 | Lair:2   | Reached XP level 13. HP: 113/113 MP: 12/12
 10452 | Lair:2   | Reached skill level 20 in Axes
 10464 | Lair:2   | Identified the +5 hand axe "Pattahuc" {vamp, rPois rF+
                  | Int+4 SInv}
 11643 | Lair:3   | You fall into a shaft and drop 1 floor!
 11847 | Lair:3   | Found a staircase to the Snake Pit.
 11913 | Lair:3   | Found a staircase to the Swamp.
 12139 | Lair:3   | Found the ring of the Octopus King
 12148 | Lair:3   | Identified a ring of the Octopus King {rC+ HP+2 AC+2 EV+2
                  | SH+2}
 12720 | Snake:1  | Entered Level 1 of the Snake Pit
 12733 | Snake:1  | Noticed Rupert
 12743 | Snake:1  | Killed Rupert
 12744 | Snake:1  | Reached skill level 21 in Axes
 12851 | Snake:1  | Reached skill level 15 in Armour
 13023 | Snake:1  | Reached XP level 14. HP: 125/125 MP: 13/13
 13263 | Snake:1  | Found Naejeg's Jewellery Emporium.
 13267 | Snake:1  | Found Xiraax Ecirr's Distillery.
 13267 | Snake:1  | Found Hanluda's Magic Scroll Shoppe.
 13271 | Snake:1  | Found Efitivub's Weapon Shoppe.
 13329 | Snake:1  | Bought a scroll of acquirement for 728 gold pieces
 13329 | Snake:1  | Bought a scroll of enchant weapon for 105 gold pieces
 13369 | Snake:1  | Reached skill level 22 in Axes
 13721 | Snake:1  | Received a gift from Trog
 13900 | Snake:1  | Acquired the ring "Zowed" {rF+ rC- AC+4 Str+3 Dex+4}
 14410 | Snake:2  | Reached skill level 5 in Shields
 15020 | Snake:3  | Identified the +1 scale mail "Ikankivi" {Int+3}
 15247 | Snake:3  | Found Ihukekhu's Weapon Shoppe.
 15344 | Snake:3  | Found Ocympin's Distillery.
 15346 | Snake:3  | Found Bijoc's Book Shoppe.
 15784 | Snake:3  | Identified the +0 robe "Gablu" {Fly rElec Int+7 Slay-2}
 15987 | Snake:3  | Acquired a manual of Armour
 16041 | Snake:4  | Entered Level 4 of the Snake Pit
 16061 | Snake:4  | Reached XP level 15. HP: 101/136 MP: 14/14
 16062 | Snake:4  | Received a gift from Trog
 16067 | Snake:4  | HP: 5/138 [naga/+1 glaive of venom (8)]
 16068 | Snake:4  | Succumbed to a naga's poison

Illustrated notes

Levels and vault maps discovered:
D:1:      dpeg_arrival_stone_temple_mockup, layout_rooms, minmay_liquid_box
D:2:      layout_loops_cross, dk_noncrumbling_3
D:3:      layout_loops_ring, zin_treasury, cheibrodos_sewer_entry_sluice,
          amethyst_killhole, nicolae_wormholes, uniq_ijyb
D:4:      layout_basic, mainiacjoe_overflow_surrounded_room,
          nicolae_overflow_hidden_temple
D:5:      layout_gridville, nemelex_xobeh_ov_fountains_minmay,
          amethyst_overflow_temple_binary, uniq_duvessa
D:6:      layout_basic, mainiacjoe_overflow_tiny_flanked,
          worldfamousw_hep_ancestral_shrine, minmay_fractal_squares_diagonal_5,
          uniq_jeremiah, uniq_grinder, uniq_crazy_yiuf_cottage, uniq_sigmund,
          uniq_edmund
D:7:      layout_loops_ring, old_standard_altar,
          minmay_temple_entry_stoned_glass, dk_rats_in_the_wall
D:8:      layout_basic, nicolae_uskayaw_dance_hall,
          mainiacjoe_overflow_six_doors_small, minmay_lair_entry_grove
Lair:1:   layout_misc_corridors, portal_ice_cave_entry_imps,
          serial_bayou_shore_a, lemuel_fruit_tree
Lair:2:   layout_chaotic_city, grunt_megastairs_4
Lair:3:   layout_layer_cave, minmay_swamp_entry_worms,
          guppyfry_snake_entry_island, grunt_forest_stairs_clearing
Lair:4:   layout_roguey, lemuel_another_geyser, serial_bayou_shore_b
Snake:1:  layout_misc_corridors, minmay_shoptagon, uniq_rupert
Snake:2:  layout_misc_corridors, nicolae_snake_flat_spine
Snake:3:  layout_misc_corridors, minmay_shop_star
Snake:4:  snake_pit, layout_misc_corridors, uniq_aizul

Skill      XL: |  1  2  3  4  5  6  7  8  9 10 11 12 13 14 |
---------------+-------------------------------------------+-----
Axes           | 4 5 6 7 8 10 13 15 17 19 21 22 | 22.9
Fighting       | 4 5 6 8 10 11 13 | 13.4
Armour         | 3 4 5 6 8 9 11 12 13 15 16 | 16.7
Shields        | 1 3 5 |  5.8
Unarmed Combat | 2 |  2.0
Dodging        | |  2.1

Action                     |  1- 3 |  4- 6 |  7- 9 | 10-12 | 13-15 || total
---------------------------+-------+-------+-------+-------+-------++-------
  Melee: Hand axe          |    58 |   148 |    31 |       |       ||   237
         Headbutt          |    10 |    19 |    25 |    75 |    89 ||   218
         Unarmed           |       |    19 |    20 |       |       ||    39
         Punch             |       |     1 |       |       |       ||     1
         Battleaxe         |       |       |   128 |   386 |   432 ||   946
 Invoke: Berserk           |       |       |     3 |     6 |     9 ||    18
  Evoke: Wand              |       |       |       |     1 |       ||     1
    Use: Potion            |     5 |     2 |     3 |     5 |     5 ||    20
         Scroll            |     2 |     6 |     8 |     2 |     8 ||    26
 Armour: Animal skin       |    27 |       |       |       |       ||    27
         Ring mail         |     2 |    50 |       |       |       ||    52
         Skin              |     1 |     6 |     6 |       |       ||    13
         Plate armour      |       |    42 |   162 |   466 |   361 ||  1031
  Dodge: Dodged            |    32 |    83 |    81 |   192 |   140 ||   528
  Block: Other             |       |     7 |     6 |       |   120 ||   133
         Reflection        |       |       |       |       |     8 ||     8

Table legend: (Time is in decaauts)
 A = Elapsed time spent in this place.
 B = Non-inter-level travel time spent in this place.
 C = Inter-level travel time spent in this place.
 D = Time resting spent in this place.
 E = Time spent auto-exploring this place.
 F = Levels seen in this place.
 G = Mean time per level.
                   A        B        C        D        E       F      G
               +--------+--------+--------+--------+--------+-----+--------+
         Total |  16234 |  16054 |    180 |     19 |  12950 |  18 |  901.9 |
       Dungeon |   7357 |   7265 |     92 |     17 |   5928 |   8 |  919.6 |
          Lair |   3627 |   3627 |      0 |      0 |   2867 |   4 |  906.8 |
     Snake Pit |   3356 |   3268 |     88 |      0 |   2700 |   4 |  839.0 |
         Sewer |    153 |    153 |      0 |      0 |    110 |   1 |  153.0 |
      Ice Cave |   1740 |   1740 |      0 |      1 |   1343 |   1 | 1740.0 |
               +--------+--------+--------+--------+--------+-----+--------+

Top non-repeatable levels by time:
   IceCv: 1740 daAuts
  Lair:2: 1386 daAuts
     D:6: 1320 daAuts
  Lair:3: 1285 daAuts
 Snake:1: 1230 daAuts
 Snake:3: 1163 daAuts
     D:8: 1087 daAuts
     D:4: 1053 daAuts
 Snake:2: 939 daAuts
  Lair:1: 936 daAuts
     D:3: 933 daAuts
     D:5: 898 daAuts
     D:7: 778 daAuts
     D:2: 740 daAuts
     D:1: 544 daAuts
